 Dungeon Crawl Stone Soup version 0.19-a0-1268-g6c5d9f8 (webtiles) character file.

37 Amnesiac the Chucker (level 3, -2/33 HPs)
             Began as an Ogre Arcane Marksman on Aug 29, 2016.
             Slain by a gnoll
             ... wielding a +3 whip
              (7 damage)
             ... on level 3 of the Dungeon.
             The game lasted 00:02:15 (934 turns).

Amnesiac the Chucker (Ogre Arcane Marksman)          Turns: 934, Time: 00:02:15

Health: -2/33      AC:  3    Str: 16    XL:     3   Next: 41%
Magic:  2/4        EV: 10    Int: 12    God:
Gold:   12         SH:  0    Dex: 10    Spells: 1 memorised, 3 levels left

rFire  . . .     SeeInvis .     c - +0 short sword
rCold  . . .     Gourm    .     a - +0 robe
rNeg   . . .     Faith    .     (no shield)
rPois  .         Spirit   .     (helmet restricted)
rElec  .         Dismiss  .     (no cloak)
rCorr  .         Reflect  .     (gloves unavailable)
MR     .....     Harm     .     (boots unavailable)
Stlth  +.........               l - amulet of magic regeneration
                                (no ring)
                                (no ring)

@: very slightly contaminated
A: unfitting armour, tough skin 1
a: no special abilities


You were on level 3 of the Dungeon.
You were not hungry.

You visited 1 branch of the dungeon, and saw 4 of its levels.

You collected 12 gold pieces.

Inventory:

Hand Weapons
 c - a +0 short sword (weapon)
Missiles
 d - a throwing net (quivered)
Armour
 a - a +0 robe (worn)
Jewellery
 k - an uncursed ring of ice
 l - an amulet of magic regeneration (around neck)
Scrolls
 e - a scroll of random uselessness {unknown}
 i - a scroll of enchant armour {unknown}
Potions
 j - a potion of cancellation {unknown}
Books
 b - a book of Debilitation

   Spells                             Type                      Level
   a - Corona                         Hexes                        1
   b - Slow                           Hexes                        2
   c - Gell's Gravitas                Hexes/Translocation          3
   d - Inner Flame                    Hexes/Fire                   3
   e - Cause Fear                     Hexes                        4
   f - Leda's Liquefaction            Hexes/Earth                  4
Comestibles
 f - a bread ration
 g - 5 fruits
 m - a meat ration


   Skills:
 - Level 1.3 Fighting
 + Level 3.7 Throwing
 - Level 1.7 Dodging
 - Level 1.2 Spellcasting
 - Level 2.1 Hexes


You had 3 spell levels left.
You knew the following spells:

 Your Spells              Type           Power        Failure   Level  Hunger
f - Corona                Hex            #......      14%         1    ##.....


Dungeon Overview and Level Annotations

Branches:
Dungeon (4/15)
 Temple: D:4-7

Altars:


Innate Abilities, Weirdness & Mutations

You are too large for most types of armour.
You have tough skin. (AC +1)


Message History

Confirm with . or Enter, or press ? or * to list all spells.
Aiming: Corona
Press: ? - help, Shift-Dir - straight line, f/p - gnoll
Aim: a gnoll, wielding an enchanted whip (chance to defeat MR: 48%)
The gnoll resists with significant effort.
The gnoll hits you with an enchanted whip!
* * * LOW HITPOINT WARNING * * *
Throwing (i - inventory. (,) - cycle):
h - a large rock (quivered)
Press: ? - help, Shift-Dir - straight line, f/p - gnoll
Aim: a gnoll, wielding an enchanted whip You throw a large rock.
The large rock closely misses the gnoll.
The gnoll hits you but does no damage. The gnoll barely misses you.
Throwing (i - inventory):
d - 2 throwing nets (quivered)
Press: ? - help, Shift-Dir - straight line, f/p - gnoll
Aim: a gnoll, wielding an enchanted whip You throw a throwing net.
The throwing net barely misses the gnoll.
The gnoll hits you with an enchanted whip!
You die...

#.#.# ...#.##
#...# #....?.
#.<.# ..#.#. #<..#
..... #...# #...
#)..# ...
#######...#####
#.##..............
#.@g.....(........
#.##..............
#( #######...#####
#. #...# #. #.#.#
#< ###.>.# ..
#.....#
##.......#...#
.####..#####


You could see a gnoll.

Vanquished Creatures
  2 gnolls (D:3)
  A giant gecko (D:1)
  A goblin (D:2)
  2 hobgoblins
  5 jackals
  4 kobolds
  A rat (D:2)
16 creatures vanquished.

Notes
Turn   | Place    | Note
-------+----------+-------------------------------------------
     0 | D:1      | Amnesiac the Ogre Arcane Marksman began the quest for the Orb.
     0 | D:1      | Reached XP level 1. HP: 19/19 MP: 2/2
   368 | D:2      | Reached XP level 2. HP: 24/27 MP: 3/3
   564 | D:2      | Reached skill level 3 in Throwing
   859 | D:3      | Reached XP level 3. HP: 27/33 MP: 4/4
   934 | D:3      | Slain by a gnoll

Vault maps used:
D:1:      matt_arrival_spirals, hangedman_feature_mirror, minmay_newt_pond
D:2:      nemelex_xobeh_ov_fountains_minmay
D:3:      minmay_wonky_spiral, first_bread, kennysheep_cross_room,
          uniq_crazy_yiuf_cottage
D:4:      evilmike_ruin_ashenzari, minmay_misc_feat_five, minivault_11,
          minmay_joined_circles

Skill      XL: |  1  2 |
---------------+-------+-----
Throwing       | 3 |  3.7
Fighting       | |  1.3
Dodging        | |  1.7
Spellcasting   | |  1.2
Hexes          | |  2.1

Action                   || total
-------------------------++-------
Melee: Short sword       ||    73
       Unarmed           ||     7
Throw: Large rock        ||    10
       Throwing net      ||     2
 Cast: Corona            ||     6
Armor: Robe              ||    25
Dodge: Dodged            ||    48
